 Dungeon Crawl Stone Soup version 0.25-a0-589-g1e14c549ee (webtiles) character file.

Game seed: 16903587758427399856, levelgen mode: deterministic

67 An17 the Insei (level 4, 0/35 HPs)
             Began as a Draconian Transmuter on Mar 9, 2020.
             Was an Initiate of Ru.
             Succumbed to an adder's poison
             ... on level 2 of the Dungeon.
             The game lasted 00:04:19 (1046 turns).

An17 the Insei (Draconian Transmuter)               Turns: 1046, Time: 00:04:20

Health: 0/35       AC:  8    Str: 11 (12) XL:     4   Next: 0%
Magic:  7/7        EV: 12    Int: 12 (14) God:    Ru [......]
Gold:   80         SH:  0    Dex:  9 (12) Spells: 1/7 levels left

rFire    . . .     SeeInvis .     - Unarmed
rCold    . . .     Gourm    .   (no shield)
rNeg     . . .     Faith    .   (armour unavailable)
rPois    .         Spirit   .   (helmet restricted)
rElec    .         Reflect  .   (no cloak)
rCorr    .         Harm     .   f - +2 pair of gloves
MR       .....                  (no boots)
Stlth    +.........             (no amulet)
HPRegen  0.11/turn              (no ring)
MPRegen  0.10/turn              (no ring)

@: lethally poisoned (0 -> -1), stab, flying, very slightly contaminated
A: unfitting armour, cold-blooded, AC +5
a: Renounce Religion


You were on level 2 of the Dungeon.
You worshipped Ru.
Ru was noncommittal.
You were not hungry.

You visited 1 branch of the dungeon, and saw 2 of its levels.

You collected 80 gold pieces.

Inventory:

Missiles
 a - 24 arrows
Armour
 f - a +2 pair of gloves (worn)
Wands
 m - a wand of disintegration (11)
Scrolls
 b - 3 scrolls of teleportation
 h - 2 scrolls of identify
 i - a scroll of amnesia
 k - a scroll of remove curse


   Skills:
 + Level 1.1 Fighting
 + Level 2.2 Dodging
 + Level 0.2 Stealth
 + Level 4.1 Unarmed Combat
 + Level 2.3 Spellcasting
 + Level 2.4 Transmutations


You had one spell level left.
You knew the following spells:

 Your Spells              Type           Power        Failure   Level  Hunger
a - Beastly Appendage     Tmut           #.....       10%         1    ##.....
b - Sticks to Snakes      Tmut           #.......     14%         2    ###....
c - Spider Form           Tmut/Pois      #.........   43%         3    ####...

Your spell library contained the following spells:

 Spells                   Type           Power        Failure   Level  Hunger
 Ice Form                 Ice/Tmut       #.......     85%         4    #####..
 Blade Hands              Tmut           #.........   95%         5    ######.


Dungeon Overview and Level Annotations

Branches:
Dungeon (2/15)

Altars:
Ru


Innate Abilities, Weirdness & Mutations

Your plain brown scales are hard. (AC +5)
You cannot fit into any form of body armour.
You are cold-blooded and may be slowed by cold attacks.


Message History

You drop a potion of degeneration.
What are your orders? t - Shout!
Orders for allies: a - Attack new target. r - Retreat! s - Stop attacking. g - Guard the area. f - Follow me.
Anything else - Cancel.
Okay, then.
As you read the scroll labeled FYKHYB LETH, it crumbles to dust.
It is a scroll of identify.
i - a scroll of amnesia
* * * LOW HITPOINT WARNING * * *
You feel sick.
You eat the ration.
That ration really hit the spot!
* * * LOW HITPOINT WARNING * * *
You feel sick.
* * * LOW HITPOINT WARNING * * *
You feel sick.
There is a lethal amount of poison in your body!
You die...

#...#...≈._.≈...#.#.((...##.#
##....#..≈...≈..#.##..(#####<#
#...##.#..≈≈≈..#.###...# #.#
##.#.###.#######......#.# #.#
....†...........†#####..# #.#
....############.# #...# #.#
#.### #.# #.#.# #.# .. #.#
#..#.# #.# .# #@##..##.# #.# .
#.##.# #># . ..#.. #.# #
.....# #.# ....# #.# .....#
......# .......#


There were no monsters in sight!

Vanquished Creatures
  2 adders (D:2)
  A worm (D:2)
  A leopard gecko (D:1)
  7 bats
  4 giant cockroaches
  8 goblins
  3 hobgoblins (D:1)
  4 kobolds
  3 ball pythons
  A frilled lizard (D:1)
  9 rats
43 creatures vanquished.

Notes
Turn   | Place    | Note
-------+----------+-------------------------------------------
     0 | D:1      | An17 the Draconian Transmuter began the quest for the Orb.
     0 | D:1      | Reached XP level 1. HP: 16/16 MP: 3/3
   143 | D:1      | Reached XP level 2. HP: 20/23 MP: 3/5
   166 | D:1      | Learned a level 2 spell: Sticks to Snakes
   731 | D:1      | Reached XP level 3. HP: 28/28 MP: 6/6
   747 | D:1      | Learned a level 3 spell: Spider Form
   815 | D:2      | Found a sacrificial altar of Ru.
   931 | D:2      | Became a worshipper of Ru the Awakened
   966 | D:2      | Reached skill level 4 in Unarmed Combat
  1015 | D:2      | Reached XP level 4. HP: 16/35 MP: 2/7
  1038 | D:2      | HP: 1/35 [poisoned by an adder]
  1046 | D:2      | Succumbed to an adder's poison

Levels and vault maps discovered:
D:1:      psy_arrival_heroes, layout_loops_ring, serial_bayou_pond_c,
          hangedman_decor_lopped, minmay_door_square, hangedman_feature_mirror
D:2:      layout_rooms, lemuel_round_altar, nicolae_ru_awakened_eye

Skill      XL: |  1  2  3 |
---------------+----------+-----
Dodging        | 2 |  2.2
Unarmed Combat | 4 |  4.1
Fighting       | |  1.1
Stealth        | |  0.2
Spellcasting   | |  2.3
Transmutations | |  2.4

Action                   |  1- 3 |  4- 6 || total
-------------------------+-------+-------++-------
Melee: Unarmed           |   136 |     5 ||   141
       Tailslap          |    12 |       ||    12
       Kick              |    11 |       ||    11
       Punch             |     2 |       ||     2
 Cast: Beastly Appendage |    10 |       ||    10
  Use: Scroll            |     3 |     2 ||     5
       Potion            |       |     4 ||     4
 Stab: Sleeping          |     1 |       ||     1
  Eat: Ration            |       |     1 ||     1
Armor: Skin              |    74 |     4 ||    78
Dodge: Dodged            |   115 |     8 ||   123

Table legend:
 A = Non-vault XP
 B = Vault XP
 C = Vault XP percentage of total XP
 D = Non-vault monster count
 E = Vault monster count
 F = Vault count percentage of total count
                 A         B        C        D         E       F
            +---------+---------+-------+---------+---------+-------
      Total |      89 |       8 |   8.2 |      39 |       4 |   9.3
            +---------+---------+-------+---------+---------+-------
        D:1 |      37 |       8 |  17.8 |      21 |       4 |  16.0
        D:2 |      52 |       0 |   0.0 |      18 |       0 |   0.0
            +---------+---------+-------+---------+---------+-------
